 Dungeon Crawl Stone Soup version 0.21-a0-260-g9b2435e (webtiles) character file.

1 tidbits the Grave Robber (level 1, 0/14 HPs)
             Began as a Draconian Necromancer on Sept 7, 2017.
             Slain by an adder (2 damage)
             ... on level 2 of the Dungeon.
             The game lasted 00:00:48 (130 turns).

tidbits the Grave Robber (Draconian Necromancer)     Turns: 130, Time: 00:00:49

Health: 0/14       AC:  4    Str: 10    XL:     1   Next: 16%
Magic:  0/3        EV: 12    Int: 15    God:
Gold:   36         SH:  0    Dex: 11    Spells: 3/4 levels left

rFire    . . .     SeeInvis .   a - +0 spear
rCold    . . .     Gourm    .   (no shield)
rNeg     . . .     Faith    .   (armour unavailable)
rPois    .         Spirit   .   (helmet restricted)
rElec    .         Reflect  .   (no cloak)
rCorr    .         Harm     .   (no gloves)
MR       .....                  (no boots)
Stlth    ++........             (no amulet)
HPRegen  0.04/turn              (no ring)
MPRegen  0.08/turn              (no ring)

@: no status effects
A: unfitting armour, cold-blooded, AC +4
a: no special abilities


You were on level 2 of the Dungeon.
You were not hungry.

You visited 1 branch of the dungeon, and saw 2 of its levels.

You collected 36 gold pieces.

Inventory:

Hand Weapons
 a - a +0 spear (weapon)
Missiles
 c - 18 arrows
Books
 d - a book of Necromancy

   Spells                             Type                      Level
   a - Pain                           Necromancy                   1
   b - Animate Skeleton               Necromancy                   1
   c - Vampiric Draining              Necromancy                   3
   d - Regeneration                   Charms/Necromancy            3
   e - Animate Dead                   Necromancy                   4
   f - Control Undead                 Necromancy                   4
Comestibles
 b - a bread ration


   Skills:
 + Level 0.2 Fighting
 + Level 1.7 Dodging
 - Level 1.7 Stealth
 + Level 0.2 Unarmed Combat
 - Level 2.0 Spellcasting
 - Level 4.0 Necromancy


You had 3 spell levels left.
You knew the following spells:

 Your Spells              Type           Power        Failure   Level  Hunger
z - Pain                  Necr           ##..         4%          1    #......


Dungeon Overview and Level Annotations

Branches:
Dungeon (1/15)

Altars:
Elyvilon


Innate Abilities, Weirdness & Mutations

Your plain brown scales are hard. (AC +4)
You cannot fit into any form of body armour.
You are cold-blooded and may be slowed by cold attacks.


Message History

You open the door.
There is an open door here.
Found 18 arrows.
You see here 18 arrows.
c - 18 arrows You open the door.
Found 9 gold pieces.
There is an open door here.
You now have 15 gold pieces (gained 5).
You now have 19 gold pieces (gained 4).
You open the door.
There is an open door here.
You open the door.
There is an open door here.
You open the door.
There is an open door here.
You open the door.
Found 6 gold pieces.
There is an open door here.
You now have 25 gold pieces (gained 6).
You open the door.
Found a spear.
There is an open door here.
You see here a spear.
d - a spear You open the door.
There is an open door here.
There is an open door here.
You open the door.
A goblin comes into view.
Found 11 gold pieces.
There is an open door here.
Wield which item (- for none, * to show all)? (? for menu, Esc to quit)
d - a +0 spear (weapon)
Attack whom?
Press: ? - help, Dir - move target cursor, f - goblin
Aim: a goblin You reach to attack!
You hit the goblin.
The goblin is moderately wounded.
You hit the goblin.
You kill the goblin!
You now have 36 gold pieces (gained 11).
Adjust (i)tems, (s)pells, or (a)bilities?
Adjust which item? (? for menu, Esc to quit)
d - a +0 spear (weapon)
Adjust to which letter? (? for menu, Esc to quit)
a - a +0 spear (weapon);
d - a book of Necromancy
There is a shaft here.
You fall through a shaft!
The shaft crumbles and collapses.
A leopard gecko and an adder come into view.
The adder hisses angrily.
The leopard gecko hisses angrily.
Found 3 gold pieces.
Found a cloak.
The leopard gecko bites you. The leopard gecko closely misses you.
Found a white marble altar of Elyvilon.
The leopard gecko bites you but does no damage.
The leopard gecko bites you but does no damage.
The rat falls through a shaft!
The shaft crumbles and collapses.
Casting: Pain
Confirm with . or Enter, or press ? or * to list all spells.
You don't know that spell.
Adjust (i)tems, (s)pells, or (a)bilities?
Adjust which spell? a - Pain Adjust to which letter? z - Pain You miss the leopard gecko.
The leopard gecko bites you but does no damage.
You closely miss the leopard gecko. The leopard gecko bites you.
The adder bites you but does no damage.
The leopard gecko bites you but does no damage.
Casting: Pain
Confirm with . or Enter, or press ? or * to list all spells.
Aiming: Pain
Press: ? - help, Shift-Dir - straight line, f - adder
Aim: an adder (chance to defeat MR: 77%)
The adder writhes in agony!
The adder barely misses you. The leopard gecko bites you.
Casting: Pain
Confirm with . or Enter, or press ? or * to list all spells.
Aiming: Pain
Press: ? - help, Shift-Dir - straight line, f/p - adder
Aim: an adder (heavily wounded, chance to defeat MR: 77%)
The adder barely resists.
The adder barely misses you.
The leopard gecko bites you but does no damage.
Casting: Pain
Confirm with . or Enter, or press ? or * to list all spells.
Aiming: Pain
Press: ? - help, Shift-Dir - straight line, f/p - adder
Aim: an adder (heavily wounded, chance to defeat MR: 77%)
The adder writhes in agony!
The adder completely misses you. The leopard gecko bites you.
* * * LOW HITPOINT WARNING * * *
The adder closely misses you.
You open the door. The leopard gecko bites you.
* * * LOW HITPOINT WARNING * * *
The adder bites you.
You die...

#############
#...........#
#.[.........#
#..#######..#
#Sl# ### #....#
#.@# ### #....#
##.'.._..+..S.#
#.###.###......
#.# #.#
#$...### #.#
#+# ....# #..
###


You could see an adder and a leopard gecko.

Vanquished Creatures
  A goblin (D:1)
1 creature vanquished.

Notes
Turn   | Place    | Note
-------+----------+-------------------------------------------
     0 | D:1      | tidbits the Draconian Necromancer began the quest for the Orb.
     0 | D:1      | Reached XP level 1. HP: 14/14 MP: 3/3
   114 | D:1      | You fall through a shaft!
   117 | D:2      | Found a white marble altar of Elyvilon.
   130 | D:2      | Slain by an adder

Vault maps used:
D:1:      elethiomel_arrival_fortress_basement, minmay_door_square
D:2:      lemuel_doored_altar, eat_drink_and_be_merry_uskayaw

Action                   || total
-------------------------++-------
Melee: Spear             ||     4
 Cast: Pain              ||     3
Armor: Skin              ||     6
Dodge: Dodged            ||     5

Table legend:
 A = Spawn XP
 B = Non-spawn XP
 C = Spawn XP percentage of total XP
 D = Spawn monster count
 E = Non-spawn monster count
 F = Spawn count percentage of total count
 G = Total turns spent on level
                    A         B        C        D         E        F      G
               +---------+---------+-------+---------+---------+-------+---------
         Total |       0 |       2 |   0.0 |       0 |       1 |   0.0 |   130
               +---------+---------+-------+---------+---------+-------+---------
           D:1 |       0 |       2 |   0.0 |       0 |       1 |   0.0 |   114
               +---------+---------+-------+---------+---------+-------+---------

Table legend:
 A = Turns spent in this place as a percentage of turns spent in the entire game.
 B = Non-inter-level travel turns spent in this place as a percentage of non-inter-level travel turns spent in the entire game.
 C = Inter-level travel turns spent in this place as a percentage of turns spent in this place.
 D = Turns resting spent in this place as a percentage of non-inter-level travel turns spent in this place.
 E = Turns spent auto-exploring this place as a percentage of non-inter-level travel turns spent in this place.
 F = Non-inter-level travel turns spent in this place divided by the number of levels of this place that you've seen.
                   A       B       C       D       E      F
               +-------+-------+-------+-------+-------+----------------------
         Total | 100.0 | 100.0 |   0.0 |   0.0 |   0.0 |  65.0
       Dungeon | 100.0 | 100.0 |   0.0 |   0.0 |   0.0 |  65.0
               +-------+-------+-------+-------+-------+----------------------

Table legend:
 A = Kills in this place as a percentage of kills in entire the game.
 B = Kills by you in this place as a percentage of kills by you in the entire game.
 C = Kills by friends in this place as a percentage of kills by friends in the entire game.
 D = Other kills in this place as a percentage of other kills in the entire game.
 E = Experience gained in this place as a percentage of experience gained in the entire game.
 F = Experience gained in this place divided by the number of levels of this place that you have seen.
                   A       B       C       D       E      F
               +-------+-------+-------+-------+-------+----------------------
         Total | 100.0 | 100.0 |   N/A |   N/A | 100.0 |   1.0
       Dungeon | 100.0 | 100.0 |   N/A |   N/A | 100.0 |   1.0
               +-------+-------+-------+-------+-------+----------------------

Vault maps used:
D:1:      elethiomel_arrival_fortress_basement, minmay_door_square
D:2:      lemuel_doored_altar, eat_drink_and_be_merry_uskayaw
